 Dungeon Sprint DCSS version 0.14-a0-3509-g488b3d4 (webtiles) character file.

1089 BluebellGnoll the Brawler (level 8, -3/68 HPs)
             Began as a Troll Transmuter on Mar 26, 2014.
             Was a Priest of Makhleb.
             Slain by a centaur
             ... wielding a +2,+2 halberd of chopping
              (16 damage)
             ... in the Dungeon (Sprint IX: "|||||||||||||||||||||||||||||").
             The game lasted 00:04:35 (312 turns).

BluebellGnoll the Brawler (Troll Transmuter)         Turns: 312, Time: 00:04:35

HP  -3/68        AC  7     Str 21      XL: 8   Next:  9%
MP   5/6         EV 12     Int 12      God: Makhleb [***...]
Gold 0           SH  0     Dex 10      Spells:  1 memorised,  8 levels left

rFire  . . .     SeeInvis .       - Unarmed
rCold  . . .     Clarity  .     c - +0 robe
rNeg   . . .     Conserve .     (shield restricted)
rPois  .         rCorr    .     (helmet restricted)
rElec  .         rRot     .     (no cloak)
SustAb . .       Spirit   .     (gloves unavailable)
rMut   .         Warding  .     (boots unavailable)
Gourm  +         NoTele   +     (no amulet)
MR     .....                    s - +3 ring of intelligence
                                r - +2 ring of protection

@: appendage (expiring), lethally poisoned, not resistant to hostile
enchantments, unstealthy
A: unfitting armour, claws 3, talons 3, fast metabolism 3, gourmand,
regeneration 2, saprovore 2, shaggy fur 1, tough skin 2
a: End Transformation, Minor Destruction, Lesser Servant of Makhleb, Renounce
Religion


You were in the Dungeon.
You worshipped Makhleb.
Makhleb was most pleased with you.
You were very full.
You had grown temporary talons.
You visited 1 branch

Inventory:

Hand weapons
 q - the +8,+8 autumn katana {slice, Clar}
   (You found it in the Dungeon)

   It inflicts extra damage upon your enemies.
   It protects you against confusion.
Missiles
 b - 12 arrows
Armour
 c - a +0 robe (worn)
Magical devices
 p - a wand of fire (7)
Comestibles
 a - 2 meat rations
 i - a chunk of jackal flesh
 n - a rotting chunk of jackal flesh
Scrolls
 j - 2 scrolls of blinking
 l - 3 scrolls of remove curse
 o - 2 scrolls of amnesia
Jewellery
 r - a +2 ring of protection (left claw)
 s - a +3 ring of intelligence (right claw)
Potions
 e - 5 potions of curing
 f - 2 potions of heal wounds
 g - a potion of haste
 h - 4 potions of magic
 k - a potion of invisibility
Books
 d - a book of Changes

   Spells                             Type                      Level
   *Beastly Appendage                 Transmutation                1
   Sticks to Snakes                   Transmutation                2
   Spider Form                        Transmutation/Poison         3
   Ice Form                           Ice/Transmutation            4
   Blade Hands                        Transmutation                5


   Skills:
 - Level 0.7 Fighting
 + Level 6.7 Dodging
 - Level 15.0 Unarmed Combat
 - Level 1.2 Spellcasting
 - Level 3.0 Transmutations


You had 8 spell levels left.
You knew the following spells:

 Your Spells              Type           Power        Failure   Level  Hunger
a - Beastly Appendage     Trmt           #.....       12%         1    ##.....


Dungeon Overview and Level Annotations

Branches:
Dungeon (1/1)

Altars:
Ashenzari
Cheibriados
Dithmenos
Elyvilon
Fedhas
Kikubaaqudgha
Makhleb
Nemelex Xobeh
Okawaru
Sif Muna
Trog
Vehumet
Xom
Yredelemnul
Zin
The Shining One


Innate Abilities, Weirdness & Mutations

You are too large for most types of armour.
You have claws for hands.
Your metabolism is lightning-fast.
You like to eat raw meat.
You heal very quickly.
You can eat rotten meat.
You are covered in fur (AC +1).
You have very tough skin (AC +2).
You have claws for feet.


Message History

The worker ant poisons you!
You mangle the worker ant!!
You kill the worker ant!
Makhleb accepts your kill.
You can now summon a lesser servant of Makhleb.
You feel a little better.
You feel sick.
The centaur hits you from afar with a +2,+2 halberd of chopping!
The centaur hits you with a +2,+2 halberd of chopping!
* * * LOW HITPOINT WARNING * * *
x2
There is an open door to the Temple, spattered with blood here.
You see here a troll corpse.
You closely miss the centaur. You claw the centaur.
The centaur is moderately wounded.
You feel sick.
The centaur hits you with a +2,+2 halberd of chopping.
* * * LOW HITPOINT WARNING * * *
x2 You completely miss the centaur.
The centaur is moderately wounded.
The centaur hits you with a +2,+2 halberd of chopping!
You die... ▓▓▓▓▓▓▓▓▓▓▓▓▓▓▓▓▓▓▓▓▓▓▓▓▓▓▓▓▓▓▓▓▓ _______c_______c@....%'....%'.... ▓▓▓▓▓▓▓▓▓▓▓▓▓▓▓▓▓▓▓▓▓▓▓▓▓▓▓▓▓▓▓▓▓

You could see a centaur.

Vanquished Creatures
  An unseen horror (D)
  A troll (D)
  An ogre (shapeshifter) (D)
  An orc warrior (D)
  A big kobold (D)
  A quasit (D)
  A worker ant (D)
  An adder (D)
  An adder skeleton (D)
  A giant gecko (D)
  A ball python (D)
  A bat (D)
  A bat zombie (D)
  A giant cockroach (D)
  2 hobgoblins (D)
  2 jackals (D)
  A giant newt (D)
  A rat (D)
20 creatures vanquished.

Notes
Turn   | Place    | Note
--------------------------------------------------------------
     0 | D        | BluebellGnoll, the Troll Transmuter, began the quest for the Orb.
     0 | D        | Reached XP level 1. HP: 18/18 MP: 2/2
    63 | D        | Reached XP level 2. HP: 24/26 MP: 1/2
    68 | D        | Reached skill level 4 in Unarmed Combat
    71 | D        | Reached skill level 5 in Unarmed Combat
   114 | D        | Found a radiant altar of Vehumet.
   114 | D        | Found a basalt altar of Yredelemnul.
   114 | D        | Found a snail-covered altar of Cheibriados.
   114 | D        | Found a glowing silver altar of Zin.
   114 | D        | Found a bloodstained altar of Trog.
   114 | D        | Found a glowing golden altar of the Shining One.
   114 | D        | Found a blossoming altar of Fedhas.
   115 | D        | Found a white marble altar of Elyvilon.
   116 | D        | Found an ancient bone altar of Kikubaaqudgha.
   117 | D        | Found a shimmering altar of Xom.
   118 | D        | Found a burning altar of Makhleb.
   119 | D        | Found a deep blue altar of Sif Muna.
   120 | D        | Found an iron altar of Okawaru.
   121 | D        | Found a shattered altar of Ashenzari.
   122 | D        | Found a radiant altar of Vehumet.
   123 | D        | Found a shadowy altar of Dithmenos.
   124 | D        | Found a basalt altar of Yredelemnul.
   125 | D        | Found a sparkling altar of Nemelex Xobeh.
   127 | D        | Became a worshipper of Makhleb the Destroyer
   157 | D        | Noticed a quasit
   157 | D        | Noticed a big kobold
   165 | D        | Killed a big kobold
   165 | D        | Reached skill level 8 in Unarmed Combat
   165 | D        | Reached XP level 3. HP: 32/32 MP: 1/3
   165 | D        | Reached XP level 4. HP: 40/40 MP: 1/4
   176 | D        | Killed an unseen horror
   176 | D        | Reached skill level 14 in Unarmed Combat
   176 | D        | Reached XP level 5. HP: 18/46 MP: 2/4
   176 | D        | Reached XP level 6. HP: 21/54 MP: 2/5
   176 | D        | Reached XP level 7. HP: 23/61 MP: 2/5
   179 | D        | Acquired Makhleb's first power
   182 | D        | Killed a quasit
   182 | D        | Reached skill level 15 in Unarmed Combat
   187 | D        | Acquired Makhleb's second power
   248 | D        | Noticed a centaur
   248 | D        | Noticed a worker ant
   248 | D        | Noticed a harpy
   248 | D        | Noticed a phantom
   248 | D        | Noticed a troll
   248 | D        | Noticed an orc warrior
   255 | D        | Killed an orc warrior
   257 | D        | Noticed a boggart
   257 | D        | a harpy changed into a boggart
   270 | D        | a boggart changed into an ogre
   289 | D        | Noticed a fire bat
   289 | D        | a naga changed into a fire bat
   294 | D        | a fire bat changed into an ogre
   303 | D        | Killed a troll
   303 | D        | Reached skill level 5 in Dodging
   305 | D        | Reached XP level 8. HP: 30/68 MP: 4/6
   309 | D        | Killed a worker ant
   309 | D        | Acquired Makhleb's third power
   312 | D        | Slain by a centaur

Action                   |  1- 3 |  4- 6 |  7- 9 || total
-------------------------+-------+-------+-------++-------
Melee: Unarmed           |    29 |    10 |    30 ||    69
 Cast: Beastly Appendage |     2 |       |     2 ||     4
  Use: Potion            |       |     1 |     1 ||     2
